 Dungeon Crawl Stone Soup version 0.25.1-2-g60ff931df9 (webtiles) character file.

Game seed: 5369498399112979121

1510 lorenzova the Thaumaturge (level 8, -2/41 HPs)
             Began as a Deep Elf Conjurer on Oct 8, 2020.
             Was a Follower of Vehumet.
             Slain by a scorpion (3 damage)
             ... on level 6 of the Dungeon.
             The game lasted 00:12:05 (7312 turns).

lorenzova the Thaumaturge (Deep Elf Conjurer)       Turns: 7312, Time: 00:12:07

Health: -2/41      AC:  6    Str:  5    XL:     8   Next: 53%
Magic:  18/23      EV: 13    Int: 23    God:    Vehumet [*.....]
Gold:   196        SH:  0    Dex: 15    Spells: 14/25 levels left

rFire    . . .     SeeInvis .   o - +2 quarterstaff (drain)
rCold    . . .     Gourm    .   (shield currently unavailable)
rNeg     . . .     Faith    .   r - +3 robe of Clouds {+Thunder rCloud rElec}
rPois    .         Spirit   .   y - +0 helmet
rElec    +         Reflect  .   (no cloak)
rCorr    .         Harm     .   (no gloves)
MR       .....                  (no boots)
Stlth    ++........             (no amulet)
HPRegen  0.13/turn              n - ring of flight (curse)
MPRegen  0.18/turn              (no ring)

@: no status effects
A: no striking features
a: Renounce Religion, Evoke Thunderclouds, Evoke Flight


You were on level 6 of the Dungeon.
You worshipped Vehumet.
Vehumet was aware of your devotion.
You were not hungry.

You visited 1 branch of the dungeon, and saw 6 of its levels.
You also visited: Sewer.

You collected 308 gold pieces.
You spent 112 gold pieces at shops.

Inventory:

Hand Weapons
 b - a +4 dagger
 o - a +2 quarterstaff of draining (weapon)
Armour
 a - a +0 robe
 r - the +3 robe of Clouds (worn) {+Thunder rCloud rElec}
   (You found it on level 4 of the Dungeon)

   It insulates you from electricity.
 y - a +0 helmet (worn)
Jewellery
 j - an uncursed amulet of guardian spirit
 n - a cursed ring of flight (left hand)
Wands
 s - a wand of random effects (11)
Scrolls
 d - 3 scrolls of remove curse {unknown}
 g - 6 scrolls of teleportation
 h - 3 scrolls of enchant weapon
 m - 2 scrolls of identify
 p - a scroll of magic mapping
 t - a scroll of immolation {unknown}
 w - a scroll of amnesia {unknown}
 x - a scroll of blinking {unknown}
Potions
 e - 3 potions of flight {unknown}
 f - a potion of resistance {unknown}
 i - 2 potions of degeneration {unknown}
 k - 4 potions of curing
 l - a potion of brilliance {unknown}
 q - 5 potions of heal wounds
 v - a potion of ambrosia {unknown}
 z - a potion of stabbing {unknown}
 A - a potion of lignification {unknown}
 B - a potion of mutation {unknown}
Comestibles
 c - 8 rations
 u - 5 chunks of flesh


   Skills:
 - Level 2.4 Dodging
 - Level 2.4 Stealth
 * Level 9.2 Spellcasting
 * Level 8.6 Conjurations
 + Level 4.3 Hexes
 + Level 3.4 Translocations


You had 14 spell levels left.
You knew the following spells:

 Your Spells              Type           Power        Failure   Level  Hunger
a - Magic Dart            Conj           ####         1%          1    None
b - Searing Ray           Conj           ######       1%          2    None
c - Iskenderun's Mystic   Conj/Tloc      #####...     4%          4    ##.....
d - Fulminant Prism       Conj/Hex       #####.....   4%          4    ##.....

Your spell library contained the following spells:

 Spells                   Type           Power        Failure   Level  Hunger
 Shock                    Conj/Air       ####         1%          1    None
 Dazzling Flash           Conj/Hex       #####.       1%          3    None


Dungeon Overview and Level Annotations

Branches:
Dungeon (6/15)              Sewer (visited)
 Temple: D:4-7

Altars:
Ashenzari
Makhleb
Okawaru
Vehumet

Shops:
D:5 !


Message History

The orc wizard shouts!
The orc shouts!
The centaur wields a +0 shortbow.
The centaur shoots an arrow.
The arrow hits you!
The searing ray hits the centaur.
The centaur is heavily wounded.
The orc wizard casts a spell.
The orc wizard flickers and vanishes!
Deactivating autopickup; reactivate with Ctrl-A.
The centaur shoots an arrow.
The arrow hits you but does no damage.
The searing ray hits the centaur!
The centaur is almost dead.
The centaur shoots an arrow.
The arrow hits you! The scorpion barely misses you.
The searing ray misses the centaur.
You finish channeling your searing ray.
The centaur shoots an arrow.
The arrow hits you!!
* * * LOW HITPOINT WARNING * * *
The centaur shoots an arrow.
The arrow hits you!
* * * LOW HITPOINT WARNING * * *
The scorpion stings you.
You die...

###### #.....
##...†.##############
##
.'.c...@............#
#.
##....s############.#
#. #...^o
#######.###. .'...o.
.......(...( ##.....
########.##. #.....
#..## #..o.. ##.#.
###..[ #.#. #...


You could see a centaur, a scorpion and 3 orcs.

Vanquished Creatures
  Duvessa (D:4)
  Purgy (D:4)
  2 ogres
  2 centaurs (D:5)
  A big kobold (Sewer)
  Dowan (D:4)
  5 killer bees (D:5)
  A howler monkey (D:4)
  A jelly (D:5)
  3 orc priests (D:5)
  A bullfrog skeleton (D:5)
  2 hounds
  Terence (D:3)
  2 worker ants (D:5)
  Robin (D:2)
  8 gnolls
  4 river rats
  5 adders
  2 oozes
  An adder skeleton (D:6)
  4 worms
  3 dart slugs
  7 leopard geckos
  14 orcs
  A ball python (D:4)
  7 bats
  5 giant cockroaches
  16 goblins
  7 hobgoblins
  9 jackals
  7 kobolds
  A quokka (D:4)
  2 frilled lizards (D:1)
  A giant cockroach zombie (D:5)
  15 rats
144 creatures vanquished.

Notes
Turn   | Place    | Note
-------+----------+-------------------------------------------
     0 | D:1      | lorenzova the Deep Elf Conjurer began the quest for the
                  | Orb.
     0 | D:1      | Reached XP level 1. HP: 10/10 MP: 6/6
   207 | D:1      | Reached XP level 2. HP: 15/15 MP: 5/8
   271 | D:1      | Learned a level 2 spell: Searing Ray
   955 | D:2      | Reached skill level 4 in Spellcasting
  1026 | D:2      | Reached skill level 5 in Conjurations
  1026 | D:2      | Reached XP level 3. HP: 19/19 MP: 3/10
  1313 | D:2      | Noticed Robin
  1401 | D:2      | Killed Robin
  1847 | D:2      | Found a faded altar of an unknown god.
  1940 | D:2      | Reached XP level 4. HP: 24/24 MP: 10/12
  2513 | D:3      | Noticed Terence
  2521 | D:3      | Killed Terence
  2521 | D:3      | Reached skill level 5 in Spellcasting
  3016 | D:3      | Reached XP level 5. HP: 28/28 MP: 6/14
  3643 | D:4      | Found a shattered altar of Ashenzari.
  3643 | D:4      | Found a radiant altar of Vehumet.
  3702 | D:4      | Became a worshipper of Vehumet
  3733 | D:4      | Found a glowing drain.
  3753 | D:4      | Reached skill level 6 in Spellcasting
  3830 | Sewer    | Entered a sewer
  3938 | Sewer    | Reached XP level 6. HP: 32/32 MP: 5/17
  4050 | Sewer    | Learned a level 4 spell: Iskenderun's Mystic Blast
  4055 | Sewer    | Learned a level 4 spell: Fulminant Prism
  4107 | Sewer    | Found a white marble altar of Elyvilon.
  4324 | D:4      | Found an iron altar of Okawaru.
  4459 | D:4      | Found the +3 robe of Clouds {+Thunder rCloud rElec}
  4459 | D:4      | Noticed Duvessa
  4461 | D:4      | Noticed Dowan
  4520 | D:4      | Reached skill level 1 in Hexes
  4592 | D:4      | Killed Duvessa
  4592 | D:4      | Reached skill level 7 in Spellcasting
  4592 | D:4      | Reached skill level 1 in Translocations
  4592 | D:4      | Reached XP level 7. HP: 20/36 MP: 7/19
  4889 | D:4      | Found a burning altar of Makhleb.
  5136 | D:4      | Killed Dowan
  5185 | D:4      | Noticed Purgy
  5190 | D:4      | Killed Purgy
  5416 | D:5      | Entered Level 5 of the Dungeon
  5416 | D:5      | Found Giurgh's Distillery.
  5446 | D:5      | Bought a potion of heal wounds for 70 gold pieces
  5446 | D:5      | Bought a potion of curing for 42 gold pieces
  5504 | D:5      | Reached * piety under Vehumet
  5504 | D:5      | Offered knowledge of Shock by Vehumet.
  5517 | D:5      | Reached skill level 8 in Spellcasting
  5936 | D:5      | Reached XP level 8. HP: 33/41 MP: 18/22
  6681 | D:5      | Reached skill level 9 in Spellcasting
  7312 | D:6      | HP: 1/41 [centaur/arrow (7)]
  7312 | D:6      | Slain by a scorpion

Illustrated notes

Levels and vault maps discovered:
D:1:      wander_arrival_lonely_grave, layout_loops_cross
D:2:      layout_rooms, chequers_ecumenical_altar_grove,
          corexii_item_surrounded_by_moat, uniq_robin
D:3:      layout_loops_cross, minmay_misc_feat_cross, uniq_terence
D:4:      layout_rooms, lemuel_doored_altar,
          chequers_temple_overflow_statue_of_worship, portal_sewer_entry_c,
          interstate_on_off, okawaru_gym_becter, uniq_duvessa, uniq_purgy
D:5:      layout_loops_ring, serial_shops, shop, first_ration
D:6:      layout_basic, dk_vineyard_1

Skill      XL: |  1  2  3  4  5  6  7  8 |
---------------+-------------------------+-----
Spellcasting   | 4 5 6 7 8 9 |  9.2
Conjurations   | 5 6 7 8 |  8.6
Hexes          | 1 3 4 |  4.3
Translocations | 1 2 3 |  3.4
Dodging        | |  2.4
Stealth        | |  2.4

Action                   |  1- 3 |  4- 6 |  7- 9 || total
-------------------------+-------+-------+-------++-------
Melee: Dagger            |     3 |     4 |       ||     7
       Quarterstaff      |       |     5 |       ||     5
 Cast: Magic Dart        |    76 |    86 |    82 ||   244
       Searing Ray       |     2 |    13 |    25 ||    40
 Abil: Evoke Flight      |       |     1 |       ||     1
       Evoke Thunderclou |       |       |     1 ||     1
  Use: Scroll            |     4 |     1 |       ||     5
  Eat: Chunk             |     3 |     8 |     9 ||    20
Armor: Robe              |     1 |     4 |     7 ||    12
Dodge: Dodged            |    18 |    36 |    18 ||    72
